Map: Catalyst LE

Players

darca

  • Race: Zerg Zerg
  • League: Silver
  • Spawn Location: 5:00

Praetor - Winner!

  • Race: Zerg Zerg
  • League: Silver
  • Spawn Location: 11:00

VOD

Have the link to the VOD?

Description

Time

  • Played on: July 28, 2018, 5:14 a.m.
  • Length: 19:58
Show
View Real Time Build Order
Export as new Build Order

darca Zerg 

Build Orders: Pool First 

Get SALT Encoding   

  12  0:09  Overlord  
  12  0:28  Spawning Pool  
  12  0:31  Drone  
  12  0:36  Drone  
  13  0:46  Drone x2  
  15  1:14  Hatchery  
  14  1:24  Extractor  
  14  1:25  Zergling x4  
  15  1:30  Zergling x2  
  16  1:51  Queen  
  16  1:53  Overlord  
  18  1:55  Drone  
  19  2:06  Zergling x2  
  20  2:19  Roach Warren  
  20  2:20  Extractor  
  18  2:29  Zergling x4  
  20  2:38  Zergling x2  
  19  2:52  Zergling x6  
  22  3:01  Drone  
  22  3:02  Drone  
  23  3:19  Metabolic Boost  
  23  3:24  Drone x2  
  25  3:34  Overlord  
  25  3:49  Roach  
  27  3:58  Queen  
  27  4:02  Drone  
  31  4:10  Drone  
  31  4:12  Drone  
  31  4:17  Drone  
  33  4:23  Ravager  
  34  4:42  Roach  
  36  4:45  Overlord x2  
  36  5:05  Lair  
  36  5:08  Roach x3  
  32  5:45  Zergling x10  
  32  5:46  Zergling x10  
  32  5:47  Zergling x2  
  41  5:56  Ravager  
  41  5:57  Ravager  
  43  6:04  Drone x3  
  37  6:42  Zergling x4  
  37  6:43  Zergling x12  
  37  6:44  Zergling x10  
  37  6:45  Zergling x2  
  48  7:13  Hatchery  
  47  7:22  Drone x2  
  49  7:23  Drone  
  50  7:32  Drone x2  
  52  7:38  Overlord x2  
  52  7:45  Hydralisk Den  
  51  7:57  Evolution Chamber x2  
  49  8:07  Overseer  
  42  8:24  Zergling x8  
  42  8:25  Zergling x10  
  43  8:33  Hydralisk  
  43  8:34  Hydralisk x2  
  43  8:40  Pneumatized Carapace  
  47  8:47  Drone x2  
  49  8:53  Queen  
  51  9:00  Overlord  
  51  9:07  Zerg Missile Weapons Level 1  
  51  9:11  Roach  
  53  9:17  Infestation Pit  
  53  9:21  Drone x2  
  54  9:44  Roach x5  
  54  9:45  Roach  
  66  10:16  Hive  
  66  10:23  Muscular Augments  
  66  10:25  Drone x3  
  69  10:32  Extractor  
  68  10:42  Roach x4  
  76  10:43  Roach x2  
  80  11:09  Overlord x2  
  80  11:10  Overlord x5  
  80  11:11  Overlord  
  80  11:17  Zerg Missile Weapons Level 2  
  80  11:22  Drone  
  81  11:34  Grooved Spines, Ultralisk Cavern  
  81  11:35  Adrenal Glands  
  80  11:49  Zerg Ground Armor Level 1  
  80  12:03  Hydralisk x4  
  80  12:04  Hydralisk  
  90  12:43  Ultralisk  
  96  12:54  Ultralisk  
  96  12:56  Zergling x2  
  96  12:57  Zergling x10  
  96  12:58  Zergling x10  
  112  12:59  Zergling x2  
  114  13:35  Ultralisk  
  114  13:38  Hydralisk  
  114  13:39  Hydralisk  
  124  13:51  Zergling x10  
  124  13:52  Zergling x8  
  124  13:53  Zergling x4  
  135  14:00  Chitinous Plating  
  73  14:51  Zergling x12  
  73  14:52  Zergling x12  
  73  14:53  Zergling x2  
  64  15:23  Ultralisk x2  
  64  15:24  Ultralisk  
  64  15:26  Hydralisk  
  55  15:56  Ultralisk  
  61  16:28  Hydralisk x4  
  61  16:29  Hydralisk x2  
  73  16:47  Extractor  
  72  17:04  Extractor  
  72  17:05  Drone x2  
  72  17:06  Drone  
  74  17:10  Drone x2  
  74  17:11  Drone  
  77  17:16  Zerg Missile Weapons Level 3  
  77  17:19  Hydralisk  
  79  17:29  Zergling x6  
  82  17:47  Zergling x4  
  82  17:48  Zergling x10  
  82  17:49  Zergling x10  
  82  17:50  Zergling x10  
  82  17:51  Zergling x2  
  97  18:42  Hydralisk x4  
  97  18:43  Hydralisk x4  
  113  18:55  Hydralisk x2  
  117  19:20  Drone x3  
Show
View Real Time Build Order
Export as new Build Order

Praetor Zerg - Winner!

Build Orders: Pool First 

Get SALT Encoding   

  12  0:01  Drone  
  13  0:08  Drone  
  14  0:18  Overlord  
  14  0:36  Drone x2  
  16  0:44  Spawning Pool  
  16  0:45  Drone  
  16  0:50  Drone  
  17  1:07  Drone  
  18  1:23  Drone  
  18  1:24  Extractor  
  18  1:25  Hatchery  
  17  1:26  Drone  
  18  1:35  Queen  
  20  1:50  Drone x2  
  22  2:01  Overlord  
  22  2:08  Overlord  
  22  2:19  Zergling x2, Queen  
  25  2:41  Zergling x4  
  25  2:51  Zergling x2  
  25  2:52  Drone  
  25  2:54  Queen  
  28  3:06  Drone x3  
  28  3:08  Metabolic Boost  
  31  3:16  Drone  
  31  3:17  Drone, Queen  
  35  3:43  Extractor  
  35  3:46  Zergling x4  
  35  3:47  Overlord  
  36  4:02  Drone x2  
  38  4:03  Drone  
  39  4:14  Zergling x2  
  39  4:15  Zergling x6  
  43  4:25  Roach Warren  
  43  4:29  Drone x2  
  43  4:30  Evolution Chamber  
  43  4:47  Drone  
  43  4:48  Drone x3  
  43  4:50  Overlord x2  
  47  4:55  Zergling x4  
  49  5:11  Spine Crawler  
  49  5:13  Drone x2  
  50  5:17  Extractor x2  
  50  5:18  Drone x3  
  51  5:27  Zergling x4  
  51  5:28  Zergling x2  
  48  5:31  Roach  
  48  5:33  Roach  
  51  5:42  Roach  
  51  5:47  Zerg Melee Weapons Level 1  
  51  5:55  Drone  
  51  5:56  Drone x2  
  54  5:57  Drone  
  54  6:01  Queen  
  57  6:13  Zergling x2  
  57  6:14  Zergling x6  
  57  6:17  Roach x3  
  67  6:19  Overlord  
  59  6:41  Zergling x2  
  59  6:42  Zergling x2  
  59  6:44  Zergling x6  
  59  6:46  Zergling x2  
  59  6:47  Zergling x6  
  61  7:04  Roach  
  61  7:05  Roach x2  
  61  7:08  Lair  
  67  7:13  Zergling x4  
  67  7:14  Zergling x6  
  72  7:23  Drone x2  
  74  7:34  Spine Crawler  
  73  7:38  Drone x3  
  73  7:41  Zerg Missile Weapons Level 1  
  73  7:42  Spine Crawler  
  75  7:59  Hatchery  
  75  8:01  Zergling x2  
  75  8:02  Overlord, Zergling x2  
  75  8:03  Overlord  
  58  8:39  Drone  
  58  8:40  Drone x5  
  58  8:41  Zergling x6  
  67  8:58  Roach  
  69  9:07  Zergling x2  
  69  9:08  Zergling x14  
  77  9:18  Hydralisk Den  
  77  9:22  Spire  
  77  9:24  Infestation Pit  
  74  9:27  Roach  
  74  9:28  Roach x3  
  82  9:32  Queen  
  82  9:33  Zergling x2  
  82  9:34  Zergling x4  
  82  9:35  Zerg Melee Weapons Level 2  
  87  9:51  Unknown  
  87  10:11  Hydralisk  
  87  10:12  Hydralisk x4  
  97  10:19  Overlord x3  
  97  10:41  Hydralisk x10  
  117  10:44  Mutalisk  
  117  10:45  Mutalisk  
  117  10:48  Overlord  
  117  10:49  Overlord x2  
  121  10:53  Hive  
  121  10:58  Overlord x2  
  121  11:03  Grooved Spines  
  121  11:08  Glial Reconstitution  
  121  11:09  Unknown  
  121  11:18  Drone x5  
  122  11:22  Mutalisk  
  122  11:23  Mutalisk  
  130  11:35  Drone x5  
  130  11:37  Drone  
  130  11:38  Drone  
  137  11:46  Drone x3  
  140  11:51  Zerg Ground Armor Level 1  
  140  11:52  Hydralisk  
  142  12:00  Infestor  
  144  12:02  Mutalisk x2  
  144  12:04  Zergling x10  
  153  12:14  Extractor  
  153  12:15  Muscular Augments  
  152  12:16  Drone x4  
  152  12:17  Extractor  
  152  12:19  Zergling x2  
  152  12:20  Zergling x6  
  159  12:24  Zergling x4  
  159  12:28  Unknown  
  161  12:50  Overlord x2  
  161  13:08  Greater Spire  
  161  13:18  Ultralisk Cavern  
  160  13:44  Drone x6  
  160  13:45  Zerg Missile Weapons Level 2  
  166  13:52  Mutalisk x3  
  166  13:53  Mutalisk x2  
  166  13:54  Overlord, Zergling x2  
  166  13:55  Overlord x3  
  148  14:36  Ultralisk x4  
  149  14:39  Zergling x2  
  149  14:40  Zergling x26  
  149  14:44  Drone  
  149  14:45  Drone x8  
  113  15:12  Mutalisk x3, Hatchery  
  113  15:13  Mutalisk x2  
  107  15:24  Zergling x10  
  107  15:25  Zergling x2  
  105  15:33  Zergling x2  
  105  15:34  Zergling x2  
  95  15:39  Zergling x6  
  92  15:50  Drone x2  
  92  15:51  Drone  
  95  16:00  Drone x2  
  95  16:04  Drone  
  98  16:16  Zergling x6  
  98  16:18  Zergling x2  
  102  16:22  Zergling x2  
  103  16:28  Zergling x2  
  104  16:36  Extractor, Drone  
  104  16:37  Extractor, Drone  
  104  16:42  Drone x2  
  106  16:47  Zergling x2  
  106  16:48  Zergling x4  
  106  16:49  Zergling x2  
  110  16:58  Queen  
  110  16:59  Drone x2  
  115  17:51  Drone x3  
  117  18:00  Drone  
  117  18:01  Drone x2  
  120  18:12  Zergling x2  
  120  18:13  Zergling x8  
  120  18:17  Mutalisk  
  120  18:18  Mutalisk x10  
  141  18:21  Hydralisk  
  143  18:30  Roach  
  145  18:48  Queen  
  145  18:51  Ultralisk x3  
  145  18:53  Ultralisk x2  
  145  18:55  Mutalisk  
  179  19:28  Hydralisk x7  
  193  19:38  Zergling x2  
  193  19:39  Zergling x2  
Tags
 
Add a new tag
Caveats
  • Supply blocks, unpowered buildings, or Contaminate may cause inaccurate times.
  • Supply counts are checked every 10 seconds.